 Dungeon Crawl Stone Soup version 0.27-a0-1248-g57ac2eb73c (webtiles) character file.

Game seed: 6330591123367679458

224 HAL9000 the Chopper (level 5, 0/64 HPs)
             Began as a Palentonga Fighter on June 10, 2021.
             Slain by a necrophage (5 damage)
             ... on level 4 of the Dungeon.
             The game lasted 00:04:29 (2702 turns).

HAL9000 the Chopper (Palentonga Fighter)            Turns: 2702, Time: 00:04:30

Health: 0/64       AC: 22    Str: 19    XL:     5   Next: 67%
Magic:  5/5        EV:  1    Int:  9    God:
Gold:   96         SH:  8    Dex: 10    Spells: 4/4 levels left

rFire    . . .     SeeInvis +   a - +0 war axe
rCold    . . .     Faith    .   c - +0 kite shield
rNeg     + + +     Spirit   .   (armour currently unavailable)
rPois    +         Reflect  .   (helmet currently unavailable)
rElec    .         Harm     .   (cloak currently unavailable)
rCorr    .         Rampage  .   (gloves currently unavailable)
Will     +....     NoTele   +   (no barding)
Stlth    +.........             (no amulet)
HPRegen  0.20/turn              f - ring of willpower
MPRegen  0.09/turn              (no ring)

@: mighty, tree-form
A: stationary, stasis, torment immunity, boosted hp, large, rugged brown scales
3, see invisible, (deformed body), (roll 1), (armoured tail)
a: no special abilities


You were on level 4 of the Dungeon.
You were a tree.
You visited 1 branch of the dungeon, and saw 4 of its levels.

You collected 96 gold pieces.

Inventory:

Hand Weapons
 a - a +0 war axe (weapon)
Missiles
 n - 6 javelins
Armour
 b - a +0 scale mail (melded)
 c - a +0 kite shield (worn)
Jewellery
 f - a ring of willpower (left branch)
Wands
 p - a wand of charming (10)
Scrolls
 e - a scroll of teleportation {unknown}
 g - a scroll of amnesia {unknown}
 i - a scroll of identify {unknown}
 o - a scroll of blinking {unknown}
 q - a scroll of immolation {unknown}
Potions
 d - a potion of might
 h - a potion of flight
 j - a potion of mutation {unknown}
 k - a potion of lignification
 l - a potion of curing {unknown}
 m - a potion of attraction {unknown}


   Skills:
 - Level 3.0 Fighting
 + Level 5.9 Axes
 - Level 2.4 Armour
 + Level 2.6 Shields


You had 4 spell levels left.
You didn't know any spells.
Your spell library contained the following spells:

 Spells                   Type           Power      Damage    Failure   Level
 Beastly Appendage        Tmut           0%         N/A       85%         1
 Wereblood                Tmut           0%         N/A       94%         2
 Spider Form              Tmut/Pois      0%         N/A       99%         3
 Ice Form                 Ice/Tmut       0%         N/A       100%        4


Dungeon Overview and Level Annotations

Branches:
Dungeon (3/15)

Altars:
The Shining One

Shops:
D:3 [


Innate Abilities, Weirdness & Mutations

You are a tree.
Your roots penetrate the ground, keeping you stationary.
You cannot be teleported.
You are immune to unholy pain and torment.
Your maximum health is greatly increased.
Your equipment is partially melded.
(You are completely covered in rugged brown scales. (AC +3, +7% HP))
You have supernaturally acute eyesight. (SInv)
((Armour fits poorly on your strangely shaped body.))
((You can roll at nearby foes to attack.))
((You have a long armoured tail.))


Message History

You closely miss the phantom. The ogre hits you with a +0 giant club!
The phantom barely misses you.
You slice the ogre!!
You kill the ogre!
You slash the phantom! You block the phantom's attack.
The phantom hits you but does no damage.
You block the gnoll's attack.
Your Axes skill increases to level 5!
You have reached level 5!
Your shield prevents you from hitting the phantom.
The phantom is moderately damaged.
You barely miss the gnoll. The phantom hits you.
The phantom blinks!
You blink.
You block the phantom's attack.
Unknown command.
You are too injured to fight recklessly!
You are too injured to fight recklessly!
You are too injured to fight recklessly!
You slash the jelly!
Your hands burn!
The jelly is heavily wounded.
The jelly closely misses you. The jelly hits you but does no damage.
A necrophage comes into view.
You slash the jelly!
Your hands burn!
* * * LOW HITPOINT WARNING * * *
The jelly is almost dead.
The jelly hits you.
* * * LOW HITPOINT WARNING * * *
You are splashed with acid!
* * * LOW HITPOINT WARNING * * *
You slash the jelly!
You kill the jelly!
The phantom barely misses you.
Okay, then.
It was a potion of flight.
You feel very buoyant.
You fly up into the air.
Unknown command.
It was a potion of lignification.
You turn into a tree.
Your +0 scale mail melds into your body.
Your roots penetrate the ground.
You block the phantom's attack. The necrophage hits you.
You die...

##..# #...# #.)##
#..## # ##...##
..## ##.....## .
#....
#>.g....#....
#....###J.........
#.....♣#.###...##.
#!....nWJ# .###
####...### .#
##..# #.## #. ..
... ..


You could see a phantom, a necrophage and an endoplasm.

Vanquished Creatures
  An ogre (D:4)
  A jelly (D:4)
  Natasha (D:2)
  2 worms
  2 dart slugs
  5 bats
  8 endoplasms
  A giant cockroach (D:3)
  7 goblins
  5 hobgoblins
  12 jackals
  A quokka (D:2)
  7 ball pythons
  4 frilled lizards
  6 kobolds
  7 rats
70 creatures vanquished.

Notes
Turn   | Place    | Note
-------+----------+-------------------------------------------
     0 | D:1      | HAL9000 the Palentonga Fighter began the quest for the Orb.
     0 | D:1      | Reached XP level 1. HP: 19/19 MP: 1/1
   207 | D:1      | Found a faded altar of an unknown god.
   221 | D:1      | Reached XP level 2. HP: 23/25 MP: 2/2
   293 | D:1      | Reached skill level 3 in Axes
   905 | D:1      | Reached XP level 3. HP: 22/31 MP: 3/3
  1322 | D:2      | Noticed Natasha
  1328 | D:2      | Killed Natasha
  1329 | D:2      | Reached skill level 4 in Axes
  1329 | D:2      | Reached XP level 4. HP: 20/37 MP: 4/4
  1932 | D:3      | Found Xaax's Armour Boutique.
  2174 | D:3      | Found a glowing golden altar of the Shining One.
  2668 | D:3      | You fall into a shaft and drop 1 floor!
  2674 | D:4      | Noticed a phantom
  2675 | D:4      | Noticed an ogre
  2689 | D:4      | Killed an ogre
  2690 | D:4      | Reached skill level 5 in Axes
  2690 | D:4      | Reached XP level 5. HP: 24/43 MP: 5/5
  2697 | D:4      | Noticed a necrophage
  2698 | D:4      | HP: 2/43 [acid (7)]
  2702 | D:4      | Slain by a necrophage

Illustrated notes

Levels and vault maps discovered:
D:1:      dpeg_arrival_prison, layout_rooms,
          hellmonk_ecumenical_altar_dog_temple
D:2:      layout_basic, supply_closet_lemuel, uniq_natasha
D:3:      layout_loops_corners, nicolae_tso_swordbearing_angel, serial_shops,
          shop, corexii_leaking_fountain, amethyst_killhole,
          ebering_dispersal_statue_hall, minmay_misc_feat_more_columns
D:4:      layout_cave_pools, fiery_altar_vehumet, corexii_shack, minmay_bent

Skill      XL: |  1  2  3  4 |
---------------+-------------+-----
Axes           | 3 4 5 |  5.9
Fighting       | |  3.0
Armour         | |  2.4
Shields        | |  2.6

Action                   |  1- 3 |  4- 6 || total
-------------------------+-------+-------++-------
Melee: War axe           |    62 |    75 ||   137
       Tailslap          |     9 |    13 ||    22
 Abil: Rolling Charge    |     3 |       ||     3
  Use: Potion            |       |     3 ||     3
Armor: Scale mail        |    33 |    46 ||    79
Dodge: Dodged            |    14 |    16 ||    30
Block: Kite shield       |    23 |    31 ||    54

Table legend: (Time is in decaauts)
 A = Elapsed time spent in this place.
 B = Non-inter-level travel time spent in this place.
 C = Inter-level travel time spent in this place.
 D = Time resting spent in this place.
 E = Time spent auto-exploring this place.
 F = Levels seen in this place.
 G = Mean time per level.
                   A        B        C        D        E       F      G
               +--------+--------+--------+--------+--------+-----+--------+
         Total |   2772 |   2734 |     38 |    315 |   2011 |   4 |  693.0 |
       Dungeon |   2772 |   2734 |     38 |    315 |   2011 |   4 |  693.0 |
               +--------+--------+--------+--------+--------+-----+--------+

Top non-repeatable levels by time:
     D:1: 1106 daAuts
     D:2: 821 daAuts
     D:3: 807 daAuts
     D:4: 37 daAuts
